 Dungeon Crawl Stone Soup version 0.20.1-1-g8b1a95d (webtiles) character file.

33675 witty the Spry (level 13, -1/68 HPs)
             Began as a Felid Berserker on Sept 8, 2017.
             Was an Elder of Trog.
             Shot with a bolt by a naga sharpshooter (25 damage)
             ... on level 4 of the Snake Pit on Sept 9, 2017.
             The game lasted 00:59:16 (23094 turns).

witty the Spry (Felid Berserker)                   Turns: 23094, Time: 00:59:17

Health: -1/68      AC:  3    Str: 13    XL:     13   Next: 38%
Magic:  17/17      EV: 36    Int:  8    God:    Trog [****..]
Gold:   2033       SH:  0    Dex: 23    Spells: 12/12 levels left
                                        Lives:  0   Deaths: 4

rFire    . . .     SeeInvis +     - Unarmed
rCold    + . .     Gourm    .   (shield unavailable)
rNeg     . . .     Faith    .   (armour unavailable)
rPois    +         Spirit   .   (helmet unavailable)
rElec    .         Reflect  .   (cloak unavailable)
rCorr    .         Harm     .   (gloves unavailable)
MR       +++..                  (boots unavailable)
Stlth    +++++++...             (no amulet)
Regen    1.3/turn               f - ring of poison resistance
MPRegen  0.2/turn               k - +2 ring of dexterity

@: berserk cooldown, regenerating, slowed, slow
A: no armour, no weapons or thrown items, stealth, claws 1, fangs 3, see
invisible, carnivore 3, speed 1, poison resistance, screaming 1, shaggy fur 3,
slow metabolism 1, sharp paws
a: Berserk, Trog's Hand, Brothers in Arms, Burn Spellbooks, Renounce Religion


You were on level 4 of the Snake Pit.
You worshipped Trog.
Trog was greatly pleased with you.
You were full.

You visited 4 branches of the dungeon, and saw 24 of its levels.

You collected 2227 gold pieces.
You spent 194 gold pieces at shops.

Inventory:

Jewellery
 f - a ring of poison resistance (left paw)
 k - a +2 ring of dexterity (right paw)
 m - an uncursed ring of ice
 N - an uncursed ring of positive energy
Wands
 b - a wand of iceblast (8/15)
 e - a wand of clouds (4/9)
 j - a wand of polymorph (9/24)
 o - a wand of polymorph (3/24)
 p - a wand of polymorph (17/24)
 v - a wand of confusion (31/48)
 y - a wand of disintegration (9/24)
 D - a wand of scattershot (5/9)
 H - a wand of confusion (18/48)
 I - a wand of random effects (24/48)
 J - a wand of digging (16/24)
 L - a wand of confusion (38/48)
 P - a wand of flame (27/48)
 Q - a wand of polymorph (15/24)
 T - a wand of iceblast (10/15)
 X - a wand of confusion (21/48)
Scrolls
 d - 10 scrolls of identify
 h - a scroll of acquirement {unknown}
 i - 5 scrolls of remove curse
 n - a scroll of recharging
 r - a scroll of fear
 u - a scroll of summoning
 w - 5 scrolls of fog
 A - a scroll of blinking
 O - 3 scrolls of teleportation
 V - a scroll of torment {unknown}
Potions
 x - a potion of brilliance
 z - 2 potions of curing
 B - 3 potions of magic
 G - a potion of flight
 K - a potion of berserk rage
 M - 2 potions of agility
 R - a potion of resistance
 S - a potion of might
Books
 c - a book of Spatial Translocations

   Spells                             Type                      Level
   a - Blink                          Translocation                2
   b - Shroud of Golubria             Charms/Translocation         2
   c - Lesser Beckoning               Translocation                3
   d - Gell's Gravitas                Translocation                3
   e - Teleport Other                 Translocation                3
   f - Passage of Golubria            Translocation                4
   Trog disapproves of the use of such an item.
Miscellaneous
 W - a lightning rod (4/4)
Comestibles
 a - 7 meat rations
 g - 7 royal jellies


   Skills:
 + Level 14.5 Fighting
 + Level 17.9 Dodging
 + Level 14.8 Stealth
 + Level 14.5 Unarmed Combat
 + Level 5.2 Evocations


You had 12 spell levels left.
You didn't know any spells.

Dungeon Overview and Level Annotations

Branches:
Dungeon (12/15)            Temple (0/1) D:6            Lair (6/6) D:8
 Shoals (0/4) Lair:4        Snake (4/4) Lair:2        Slime (0/5) Lair:5
    Orc (2/2) D:11            Elf (0/3) Orc:2

Altars:
Ashenzari
Elyvilon
Gozag
Hepliaklqana
Kikubaaqudgha
Makhleb
Nemelex Xobeh

Shops:
D:5 [   D:10 (   Orc:2 *}(*

Annotations:
Lair:1 exclusions: hydra and 1 more exclusion
Lair:5 exclusion: hydra


Innate Abilities, Weirdness & Mutations

You cannot wear armour.
You are incapable of wielding weapons or throwing items.
Your paws allow you to move quietly. (Stealth)
You have sharp claws.
You have razor-sharp teeth.
You have supernaturally acute eyesight. (SInv)
You are carnivorous and can eat meat at any time.
You cover ground quickly.
Your thick and shaggy fur keeps you warm. (AC +3, rC+)
You have a slow metabolism.
Your sharp claws are effective at attacking unaware monsters.
Your system is resistant to poisons. (rPois)
You occasionally shout uncontrollably at your foes.


Message History

You are too berserk!
You feel a strong urge to attack something.
The naga sharpshooter mumbles some strange words.
The naga sharpshooter magically shoots a bolt.
The bolt hits you!
You see here 2 bolts.
You feel your anger subside.
You are no longer berserk.
You are exhausted.
You feel yourself slow down.
The naga sharpshooter mumbles some strange words.
The naga sharpshooter magically shoots a bolt.
The bolt hits you!
You see here a bolt.
You are too injured to fight recklessly!
You completely miss the naga sharpshooter.
Your claw misses the naga sharpshooter.
The naga sharpshooter casts a spell.
The naga sharpshooter magically shoots a bolt.
The bolt hits you!!
You die...

.....# ##............#....
....## ##.(..### #.....N ....#
##(..# #...SN ....## ##...#
#.... .N...# ##....# #..N#
.....#######....(# .#.†.#
.......).#......(# ..#...+
.................#'###...#
[...........(÷(.@N..((...#
.................[.).........
.........####....)..##........
.....##### #.....(####......#
...### #...#...# ##.....# .###
#..###..# ...... .# #.## ##.#
#####. ## ### #.# ##


You could see a naga sharpshooter.

Vanquished Creatures
  2 nagarajas (Snake:4)
  Josephine (D:12)
  An ice dragon (Lair:6)
  3 anacondas
  5 two-headed ogres
  An alligator (Lair:6)
  6 orc high priests (Orc:2)
  3 naga sharpshooters
  4 shock serpents
  The ghost of SteelSafe the Cleaver, a novice MiBe of Trog (D:8)
  A salamander mystic (Snake:3)
  5 naga ritualists
  An unseen horror (D:10)
  2 lindwurms (Lair:6)
  8 orc knights
  4 orc sorcerers
  9 mana vipers
  2 manticores
  5 salamanders
  2 cyclopes (D:11)
  28 black mambas
  4 naga magi
  A guardian serpent (Snake:4)
  3 gargoyles
  6 torpor snails
  A centaur skeleton (D:11)
  4 spiny frogs
  5 komodo dragons
  2 rime drakes
  4 trolls
  3 tyrant leeches (Lair:6)
  A polar bear (Lair:3)
  7 hornets (Lair:6)
  2 dream sheep (Lair:2)
  7 blink frogs
  11 hippogriffs
  Sigmund (D:4)
  2 shadows (D:11)
  A vampire (D:11)
  3 wraiths (D:12)
  A spriggan (Lair:6)
  24 yaks
  2 basilisks
  A hungry ghost (D:10)
  3 wargs
  16 nagas
  14 water moccasins
  8 porcupines
  29 orc warriors
  5 ice beasts
  2 black bears
  3 sky beasts
  53 wolves
  20 centaurs
  9 ogres
  10 crocodiles
  13 bullfrogs
  3 gnoll sergeants
  A wyvern zombie (D:6)
  7 scorpions
  7 wights
  A howler monkey (D:6)
  2 crimson imps
  3 centaur zombies
  A bullfrog zombie (D:9)
  23 orc priests
  3 bullfrog skeletons
  9 jellies
  5 hounds
  20 orc wizards
  4 iguanas
  6 worker ants
  A hound zombie (D:8)
  2 worker ant zombies
  14 gnolls
  A howler monkey skeleton (D:6)
  9 adders
  A shadow imp (D:6)
  4 oozes (Lair:5)
  An adder zombie (D:8)
  An adder skeleton (D:5)
  2 dart slugs
  9 leopard geckos
  74 orcs
  8 bats
  9 giant cockroaches
  6 goblins
  9 hobgoblins
  8 jackals
  6 kobolds
  A quokka (D:10)
  11 frilled lizards
  A jackal skeleton (D:5)
  A quokka skeleton (D:6)
  7 rats
  A plant (Lair:6)
657 creatures vanquished.

Vanquished Creatures (collateral kills)
  2 hydras
  An anaconda (Snake:4)
  3 naga sharpshooters (Snake:3)
  A mana viper (Snake:4)
  A salamander (Snake:4)
  2 naga magi (Snake:3)
  A guardian serpent (Snake:3)
  2 black mambas
  A wraith (D:12)
  3 nagas (Snake:4)
  A black bear (D:12)
  3 centaurs (D:12)
  A wight (D:9)
  A jelly (D:12)
  An orc wizard (Orc:2)
24 creatures vanquished.

Vanquished Creatures (others)
  A bullfrog (D:12)
  4 orcs (Orc:2)
  A quokka (D:8)
  7 fungi
  12 plants
25 creatures vanquished.

Grand Total: 706 creatures vanquished

Notes
Turn   | Place    | Note
-------+----------+-------------------------------------------
     0 | D:1      | witty the Felid Berserker began the quest for the Orb.
     0 | D:1      | Reached XP level 1. HP: 10/10 MP: 2/2
   125 | D:1      | Reached XP level 2. HP: 14/14 MP: 3/3
   752 | D:1      | Reached XP level 3. HP: 9/17 MP: 4/4
   973 | D:2      | Reached ** piety under Trog
   973 | D:2      | Reached skill level 5 in Dodging
  1186 | D:2      | Found an opulent altar of Gozag.
  1393 | D:2      | Found a faded altar of an unknown god.
  1410 | D:3      | Reached XP level 4. HP: 18/22 MP: 5/5
  1643 | D:3      | Noticed a bullfrog
  1646 | D:3      | Killed a bullfrog
  1646 | D:3      | Reached XP level 5. HP: 25/25 MP: 6/6
  1776 | D:3      | Reached *** piety under Trog
  1818 | D:3      | Reached skill level 6 in Dodging
  2175 | D:3      | Gained mutation: You are covered in thick fur. (AC +2) [Felid growth]
  2175 | D:3      | Reached XP level 6. HP: 15/29 MP: 7/7
  2566 | D:4      | Found a burning altar of Makhleb.
  2567 | D:4      | Noticed Sigmund
  2581 | D:4      | Killed Sigmund
  2581 | D:4      | Reached skill level 5 in Fighting
  2581 | D:4      | Reached skill level 5 in Unarmed Combat
  2688 | D:4      | Reached XP level 7. HP: 32/33 MP: 8/8
  2880 | D:4      | Reached skill level 7 in Dodging
  3030 | D:5      | Entered Level 5 of the Dungeon
  3163 | D:5      | Found an opulent altar of Gozag.
  3611 | D:5      | Found a shattered altar of Ashenzari.
  3678 | D:5      | Found Vesh's Antique Armour Shop.
  3696 | D:6      | Found a staircase to the Ecumenical Temple.
  3727 | D:6      | Reached skill level 8 in Dodging
  3742 | D:6      | Reached XP level 8. HP: 9/38 MP: 9/9
  4499 | D:6      | Reached **** piety under Trog
  4624 | D:6      | Reached skill level 9 in Dodging
  5183 | D:6      | Found an ancient bone altar of Kikubaaqudgha.
  5585 | D:7      | Reached XP level 9. HP: 43/43 MP: 10/10
  5715 | D:8      | Found a sparkling altar of Nemelex Xobeh.
  5737 | D:8      | Noticed SteelSafe's ghost (novice MiBe)
  5752 | D:8      | Reached skill level 10 in Dodging
  5772 | D:8      | HP: 3/66 [wolf (5)]
  5773 | D:8      | Gained mutation: You are resistant to hostile enchantments. (MR+) [potion of mutation]
  5773 | D:8      | Gained mutation: You are partially covered in icy blue scales. (AC +2) [potion of mutation]
  5773 | D:8      | HP: 1/66 [wolf (4)]
  5799 | D:8      | Killed SteelSafe's ghost
  5799 | D:8      | Reached skill level 11 in Dodging
  5972 | D:8      | Found a staircase to the Lair.
  6192 | D:8      | Noticed a two-headed ogre
  6213 | D:8      | Killed a two-headed ogre
  6213 | D:8      | Reached XP level 10. HP: 29/49 MP: 11/11
  6409 | D:8      | Found a hazy altar of Hepliaklqana.
  6831 | D:8      | Reached skill level 12 in Dodging
  6865 | D:8      | Found a white marble altar of Elyvilon.
  7156 | D:9      | Noticed a two-headed ogre
  7166 | D:9      | Killed a two-headed ogre
  7542 | D:9      | Noticed a gargoyle
  7554 | D:9      | Killed a gargoyle
  7930 | D:9      | Reached skill level 10 in Fighting
  8069 | D:10     | Entered Level 10 of the Dungeon
  8153 | D:10     | Reached skill level 10 in Unarmed Combat
  8246 | D:10     | Noticed an unseen horror
  8250 | D:10     | Found Ycuczu's Antique Weapon Shop.
  8251 | D:10     | Killed an unseen horror
  8317 | D:10     | Noticed a two-headed ogre
  8329 | D:10     | Killed a two-headed ogre
  8329 | D:10     | Reached skill level 13 in Dodging
  8329 | D:10     | Reached XP level 11. HP: 52/55 MP: 12/12
  8637 | D:11     | Reached skill level 1 in Stealth
  8641 | D:11     | Reached ***** piety under Trog
  9048 | D:11     | Found a staircase to the Orcish Mines.
  9195 | D:11     | Reached skill level 5 in Stealth
  9312 | D:11     | Noticed an eight-headed hydra
  9425 | D:11     | Reached skill level 14 in Dodging
  9450 | D:12     | Noticed Josephine
  9474 | D:12     | Shot with an arrow by a centaur
  9475 | D:12     | Reached XP level 10. HP: -4/78 MP: 11/11
  9585 | D:12     | Reached XP level 11. HP: 51/55 MP: 12/12
  9752 | D:12     | Killed Josephine
 10574 | Lair:1   | Entered Level 1 of the Lair of Beasts
 10799 | Lair:1   | Noticed a two-headed ogre
 10807 | Lair:1   | Killed a two-headed ogre
 11289 | Lair:1   | Noticed a seven-headed hydra
 11383 | Lair:1   | Reached skill level 15 in Dodging
 11612 | Lair:1   | Gained mutation: Your thick and shaggy fur keeps you warm. (AC +3, rC+) [Felid growth]
 11612 | Lair:1   | Reached XP level 12. HP: 61/61 MP: 13/13
 11707 | Lair:1   | Noticed a five-headed hydra
 12102 | Lair:2   | Found a staircase to the Snake Pit.
 12839 | Lair:3   | Reached skill level 10 in Stealth
 13564 | Lair:4   | Found a staircase to the Shoals.
 13617 | Lair:4   | Noticed a six-headed hydra
 13622 | Lair:4   | Killed a six-headed hydra
 13896 | Lair:4   | Noticed a death yak
 13902 | Lair:4   | Noticed a death yak
 13903 | Lair:4   | Noticed a death yak
 13903 | Lair:4   | Noticed a death yak
 13903 | Lair:4   | Noticed a death yak
 13903 | Lair:4   | Noticed a death yak
 13994 | Lair:5   | Found a staircase to the Slime Pits.
 14271 | Lair:5   | Found a sparkling altar of Nemelex Xobeh.
 14367 | Lair:5   | Noticed an eight-headed hydra
 14395 | Lair:6   | Entered Level 6 of the Lair of Beasts
 14505 | Lair:6   | Noticed a four-headed hydra
 14512 | Lair:6   | Killed a five-headed hydra
 14788 | Lair:6   | Reached XP level 13. HP: 53/65 MP: 14/14
 14894 | Lair:6   | Found a runed door.
 14958 | Lair:6   | Reached skill level 16 in Dodging
 15444 | Lair:6   | Mangled by a lindwurm
 15445 | Lair:6   | Reached XP level 12. HP: -8/63 MP: 13/13
 15511 | Lair:6   | Noticed an alligator
 15526 | Lair:6   | Killed an alligator
 16570 | Orc:1    | Entered Level 1 of the Orcish Mines
 16911 | Orc:2    | Entered Level 2 of the Orcish Mines
 16965 | Orc:2    | Found a dark tunnel.
 17296 | Orc:2    | Slain by an orc warrior
 17297 | Orc:2    | Reached XP level 11. HP: -1/87 MP: 12/12
 17436 | Orc:2    | Noticed a two-headed ogre
 17467 | Orc:2    | Killed a two-headed ogre
 17561 | Orc:2    | Noticed an orc knight
 17573 | Orc:2    | Killed an orc knight
 17699 | Orc:2    | Noticed an orc high priest
 17761 | Orc:2    | Noticed an orc sorcerer
 17764 | Orc:2    | Reached XP level 12. HP: 63/63 MP: 13/13
 17774 | Orc:2    | Killed an orc high priest
 17792 | Orc:2    | Found a staircase to the Elven Halls.
 17954 | Orc:2    | Found a burning altar of Makhleb.
 18130 | Orc:2    | Noticed an orc high priest
 18142 | Orc:2    | Killed an orc high priest
 18182 | Orc:2    | Noticed an orc high priest
 18209 | Orc:2    | Killed an orc high priest
 18263 | Orc:2    | Noticed an orc high priest
 18355 | Orc:2    | Killed an orc high priest
 18415 | Orc:2    | Noticed an orc high priest
 18419 | Orc:2    | Killed an orc high priest
 18437 | Orc:2    | Noticed an orc high priest
 18475 | Orc:2    | Reached skill level 17 in Dodging
 18590 | Orc:2    | Killed an orc high priest
 18621 | Orc:2    | Found Dunohila's General Store.
 18624 | Orc:2    | Found Myuroif's Gadget Shoppe.
 18625 | Orc:2    | Found Opnytouf's Assorted Antiques.
 18626 | Orc:2    | Found Lulam's Antique Weapon Emporium.
 18630 | Orc:2    | Bought a scroll of teleportation for 93 gold pieces
 18630 | Orc:2    | Bought a scroll labeled VOWKYXK GEPRU for 31 gold pieces
 18634 | Orc:2    | Bought a potion of heal wounds for 70 gold pieces
 19034 | Snake:1  | Entered Level 1 of the Snake Pit
 19345 | Snake:1  | Reached XP level 13. HP: 67/67 MP: 14/14
 19405 | Snake:1  | Found a burning altar of Makhleb.
 19738 | Snake:2  | Reached skill level 1 in Evocations
 21044 | Snake:3  | Lost mutation: You are partially covered in icy blue scales. (AC +2) [potion of mutation]
 21044 | Snake:3  | Lost mutation: You are resistant to hostile enchantments. (MR+) [potion of mutation]
 21044 | Snake:3  | Gained mutation: You occasionally shout uncontrollably at your foes. [potion of mutation]
 21044 | Snake:3  | Gained mutation: Your system is resistant to poisons. (rPois) [potion of mutation]
 21836 | Snake:3  | Reached XP level 14. HP: 72/72 MP: 18/18
 22077 | Snake:4  | Entered Level 4 of the Snake Pit
 22105 | Snake:4  | Noticed a nagaraja
 22125 | Snake:4  | Killed a nagaraja
 22436 | Snake:4  | Noticed a nagaraja
 22442 | Snake:4  | Killed a nagaraja
 22442 | Snake:4  | Reached skill level 5 in Evocations
 22455 | Snake:4  | HP: 2/72 [anaconda (14)]
 22455 | Snake:4  | Slain by an anaconda
 22456 | Snake:4  | Reached XP level 13. HP: -1/68 MP: 17/17
 23094 | Snake:4  | Shot with a bolt by a naga sharpshooter

Skill      XL: |  1  2  3  4  5  6  7  8  9 10 11 12 13 14 |
---------------+-------------------------------------------+-----
Dodging        | 5 6 8 9 11 13 15 17 16 | 17.9
Fighting       | 4 5 6 7 9 10 12 14 | 14.5
Unarmed Combat | 4 5 6 7 9 10 11 13 14 | 14.5
Stealth        | 6 8 13 14 | 14.8
Evocations     | 4 5 |  5.2

Action                   |  1- 3 |  4- 6 |  7- 9 | 10-12 | 13-15 || total
-------------------------+-------+-------+-------+-------+-------++-------
Melee: Unarmed           |    95 |   120 |   272 |  1369 |   425 ||  2281
       Bite              |    10 |     3 |    30 |   189 |    67 ||   299
       Punch             |       |     2 |    14 |    87 |    49 ||   152
Invok: Berserk           |     1 |     7 |     9 |    42 |    18 ||    77
       Trog's Hand       |       |     4 |     4 |    36 |    16 ||    60
       Brothers in Arms  |       |       |       |     4 |     5 ||     9
  Use: Scroll            |       |     4 |       |    22 |       ||    26
       Potion            |       |       |    10 |     4 |     5 ||    19
 Stab: Sleeping          |     4 |     2 |     2 |    36 |     8 ||    52
       Distracted        |     1 |       |     1 |     5 |     4 ||    11
       Invisible         |       |       |     3 |       |     2 ||     5
  Eat: Chunk             |     9 |     9 |    17 |    92 |    24 ||   151
Armor: Skin              |     2 |     3 |    34 |    74 |    10 ||   123
Dodge: Dodged            |    85 |   110 |   203 |  1708 |   521 ||  2627
